 Dungeon Crawl Stone Soup version 0.31-a0-691-g409c26aa35 (webtiles) character file.

Game seed: 4882781255285253992

56 qw the Shooter (level 3, -1/22 HPs)
             Began as a Gargoyle Hunter on Sept 6, 2023.
             Constricted to death by Ijyb (3 damage)
             ... on level 3 of the Dungeon.
             The game lasted 00:00:32 (1488 turns).

qw the Shooter (Gargoyle Hunter)                    Turns: 1488, Time: 00:00:33

Health: -1/22      AC:  9    Str: 14    XL:     3   Next: 95%
Magic:  3/3        EV:  7    Int:  9    God:
Gold:   184        SH:  0    Dex: 15    Spells: 2/2 levels left

rFire   . . .        Y - +0 shortbow
rCold   . . .        (shield currently unavailable)
rNeg    + . .        d - +0 ring mail
rPois   inf          (no helmet)
rElec   +            (no cloak)
rCorr   +            (no gloves)
SInv    .            i - +0 pair of boots
Will    .....        (no amulet)
Stlth   +            g - ring of resist corrosion
HPRegen 0.23/turn    (no ring)
MPRegen 0.08/turn

%: no passive effects
@: grasped by roots, constricted
A: sickness immunity, AC +3, negative energy resistance 1, electricity
resistance, torment resistance 1, petrification resistance
a: no special abilities


You were on level 3 of the Dungeon.
You visited 1 branch of the dungeon, and saw 3 of its levels.

You collected 184 gold pieces.


Innate Abilities, Weirdness & Mutations

You are immune to sickness and miasma.
Your stone body is resilient. (AC +3)
You are immune to poison.
You resist negative energy. (rN+)
You are resistant to electric shocks. (rElec)
You are resistant to unholy torment.
You are immune to petrification.


   Skills:
 + Level 2.9 Fighting
 - Level 5.0 Ranged Weapons
 - Level 1.0 Armour
 - Level 1.5 Dodging
 - Level 1.1 Stealth


You had 2 spell levels left.
You didn't know any spells.
Your spell library was empty.

Inventory:

Hand Weapons
 Y - a +0 shortbow (weapon)
Armour
 d - a +0 ring mail (worn)
 i - a +0 pair of boots (worn)
Jewellery
 g - a ring of resist corrosion (left hand)
Scrolls
 a - a scroll of identify
 c - a scroll of enchant armour {unknown}
Potions
 b - a potion of cancellation

Dungeon Overview and Level Annotations

Branches:
Dungeon (3/15)

Altars:

Annotations:
D:3 Ijyb


Message History

The grasping roots constrict you. The orc hits you but does no damage.
1480 ||| DRINKING potion of heal wounds.
You feel much better. The orc hits you but does no damage.
Ijyb hits you but does no damage. The grasping roots constrict you.
The grasping roots release their grip on you.
You shoot an arrow. The arrow closely misses Ijyb.
The arrow misses the quokka.
The orc closely misses you.
Ijyb hits you with a +0 dagger of venom.
You shoot an arrow. The arrow hits Ijyb but does no damage.
Ijyb is heavily wounded.
The orc hits you with a +0 whip.
Ijyb hits you with a +0 dagger of venom.
You shoot an arrow. The arrow closely misses Ijyb.
The arrow closely misses the quokka.
The orc hits you but does no damage.
Ijyb hits you with a +0 dagger of venom.
The orc hits you but does no damage. Ijyb closely misses you.
You shoot an arrow. The arrow hits Ijyb but does no damage.
Ijyb is heavily wounded.
The orc closely misses you. Ijyb hits you but does no damage.
You shoot an arrow. The arrow hits Ijyb but does no damage.
Ijyb is heavily wounded.
The orc barely misses you. Ijyb closely misses you.
You shoot an arrow. The arrow closely misses Ijyb.
The arrow closely misses the quokka.
The orc barely misses you.
Ijyb zaps a wand.
The roots erupt in riotous growth!
The grasping roots grab you!
The orc is unaffected.
Ijyb is unaffected.
The grasping roots constrict you.
You shoot an arrow. The arrow closely misses Ijyb.
The arrow hits the quokka.
The quokka is heavily wounded.
The orc hits you but does no damage. Ijyb hits you but does no damage.
The grasping roots constrict you. Ijyb hits you but does no damage.
The grasping roots constrict you. The orc hits you with a +0 whip.
You shoot an arrow. The arrow hits Ijyb but does no damage.
Ijyb is heavily wounded.
The orc hits you with a +0 whip.
Ijyb hits you with a +0 dagger of venom.
The grasping roots constrict you.
You die...

#.#.......###.[......#
.......#..# #........#
#.#...)...# ##....####
#.........# #....#
###~~~~~~~## #8..8#
~~~~~~~~~~~~~#8..8#
~~~~~~~~~~~~~~~..~###
~~~~~~~~~~~~~~~..~~~####
~~~~~###~~~~~~~.@~~~~~~#
~~### ###~~~~og~~~~~~~~~
## ####~.r~~~~~~~~~
#8.)8~~~~~~~~
#8..8###~~~~~ #...$#
####~ #....# ##..##


You could see Ijyb, an orc and a quokka.

Vanquished Creatures
  2 adders (D:2)
  A dart slug (D:2)
  An orc (D:3)
  5 bats
  4 endoplasms
  A giant cockroach (D:1)
  7 goblins
  2 jackals (D:2)
  A kobold (D:3)
  5 ball pythons (D:2)
  A frilled lizard (D:2)
  A rat (D:2)
31 creatures vanquished.

Notes
Turn   | Place    | Note
-------+----------+-------------------------------------------
     0 | D:1      | qw the Gargoyle Hunter began the quest for the Orb.
     0 | D:1      | Reached XP level 1. HP: 12/12 MP: 1/1
     0 | D:1      | 0 ||| qw: Version: 0.3-a-76-g4403597
     0 | D:1      | 0 ||| qw: Game counter: 229
     0 | D:1      | 0 ||| qw: Melee chars always use a shield: true
     0 | D:1      | 0 ||| qw: God list: Okawaru
     0 | D:1      | 0 ||| qw: Allow faded altars: false
     0 | D:1      | 0 ||| qw: Do Orc after clearing Dungeon:15 true
     0 | D:1      | 0 ||| qw: Do second Lair branch before Depths: true
     0 | D:1      | 0 ||| qw: Lair rune preference: random
     0 | D:1      | 0 ||| qw: Goals: Normal
     0 | D:1      | 0 ||| PLANNING D:1-11
   182 | D:1      | Reached XP level 2. HP: 17/17 MP: 2/2
   556 | D:1      | 556 ||| UPGRADING to +0 pair of boots.
   561 | D:1      | 561 ||| UPGRADING to ring of resist corrosion.
   562 | D:1      | 562 ||| DROPPING ring of magical power.
   563 | D:1      | 563 ||| READING 2 scrolls labelled WAREZO YSAE.
   564 | D:1      | 564 ||| READING scroll labelled YRINEADASI.
   565 | D:1      | 565 ||| DRINKING 2 puce potions.
   566 | D:1      | 566 ||| DROPPING scroll of butterflies.
   690 | D:2      | Reached XP level 3. HP: 21/21 MP: 3/3
   700 | D:2      | Reached skill level 5 in Ranged Weapons
  1311 | D:2      | 1311 ||| UPGRADING to +0 ring mail.
  1321 | D:2      | 1321 ||| DROPPING +0 leather armour.
  1322 | D:2      | 1322 ||| DRINKING 2 glowing silvery potions.
  1323 | D:2      | 1323 ||| READING 4 scrolls of identify.
  1323 | D:2      | 1323 ||| IDENTIFYING metallic orange potion
  1324 | D:2      | 1324 ||| READING 3 scrolls of identify.
  1324 | D:2      | 1324 ||| IDENTIFYING white potion
  1325 | D:2      | 1325 ||| READING 2 scrolls of identify.
  1325 | D:2      | 1325 ||| IDENTIFYING viscous emerald potion
  1326 | D:2      | 1326 ||| DROPPING potion of lignification.
  1327 | D:2      | 1327 ||| DROPPING potion of ambrosia.
  1328 | D:2      | 1328 ||| DROPPING potion of degeneration.
  1367 | D:3      | 1367 ||| FLEEEEING.
  1368 | D:3      | 1368 ||| FLEEEEING.
  1369 | D:3      | 1369 ||| FLEEEEING.
  1370 | D:3      | 1370 ||| FLEEEEING.
  1371 | D:3      | 1371 ||| FLEEEEING.
  1372 | D:3      | 1372 ||| FLEEEEING.
  1373 | D:3      | 1373 ||| FLEEEEING.
  1374 | D:3      | 1374 ||| FLEEEEING.
  1375 | D:3      | 1375 ||| FLEEEEING.
  1376 | D:3      | 1376 ||| STAIRDANCE
  1416 | D:2      | 1416 ||| READING scroll labelled VASUZA EKOO.
  1469 | D:3      | Noticed Ijyb
  1470 | D:3      | Reached skill level 1 in Armour
  1474 | D:3      | HP: 4/22 [constriction (2)]
  1475 | D:3      | 1475 ||| DRINKING 2 potions of heal wounds.
  1479 | D:3      | HP: 3/22 [Ijyb/+0 dagger of venom (4)]
  1479 | D:3      | HP: 1/22 [constriction (2)]
  1480 | D:3      | 1480 ||| DRINKING potion of heal wounds.
  1488 | D:3      | HP: 2/22 [Ijyb/+0 dagger of venom (5)]
  1488 | D:3      | Constricted to death by Ijyb

Levels and vault maps discovered:
D:1:      amcnicky_arrival_double_pillar, layout_rooms
D:2:      layout_basic
D:3:      wander_river, layout_basic, nicolae_ecumenical_lake_church, uniq_ijyb

Skill      XL: |  1  2  3 |
---------------+----------+-----
Ranged Weapons | 5 |  5.0
Armour         | 1 |  1.0
Fighting       | |  2.9
Dodging        | |  1.5
Stealth        | |  1.1

Action                     || total
---------------------------++-------
   Fire: Shortbow          ||   109
    Use: Scroll            ||     6
         Potion            ||     4
 Armour: Leather armour    ||    22
         Ring mail         ||    28
  Dodge: Dodged            ||    30

Table legend:
 A = Non-vault XP
 B = Vault XP
 C = Vault XP percentage of total XP
 D = Non-vault monster count
 E = Vault monster count
 F = Vault count percentage of total count
                 A         B        C        D         E       F
            +---------+---------+-------+---------+---------+-------
      Total |      80 |       0 |   0.0 |      31 |       0 |   0.0
            +---------+---------+-------+---------+---------+-------
        D:1 |      16 |       0 |   0.0 |       9 |       0 |   0.0
        D:2 |      51 |       0 |   0.0 |      16 |       0 |   0.0
        D:3 |      13 |       0 |   0.0 |       6 |       0 |   0.0
            +---------+---------+-------+---------+---------+-------
